 Dungeon Crawl Stone Soup version 0.30-a0-381-g6ea064c7b4 (webtiles) character file.

Game seed: 3509039782281563792

93 Ragain the Sneak (level 4, 0/30 HPs)
             Began as an Octopode Brigand on Dec 2, 2022.
             Killed from afar by an orc wizard (6 damage)
             ... with a magic dart
             ... on level 3 of the Dungeon.
             The game lasted 00:04:27 (1609 turns).

Ragain the Sneak (Octopode Brigand)                 Turns: 1609, Time: 00:04:28

Health: 0/30       AC:  1    Str: 10    XL:     4   Next: 62%
Magic:  4/4        EV: 15    Int: 13    God:
Gold:   217        SH:  9    Dex: 21    Spells: 4/4 levels left

rFire   + . .      SeeInvis .    a - +2 dagger
rCold   . . .      Faith    .    g - +0 kite shield
rNeg    . . .      Spirit   .    (helmet restricted)
rPois   .          Reflect  .    (no amulet)
rElec   .          Harm     .    e - +4 ring of evasion
rCorr   .          Rampage  .    n - +6 ring of dexterity
Will    .....                    o - ring of protection from fire
Stlth   ++++......               (no ring)
HPRegen 0.25/turn                (no ring)
MPRegen 0.09/turn                (no ring)
                                 (no ring)
                                 (no ring)

@: lethally poisoned (0 -> -3)
A: almost no armour, amphibious, 8 rings, camouflage 1, gelatinous body 1,
(nimble swimmer 1), tentacles
a: no special abilities


You were on level 3 of the Dungeon.
You visited 1 branch of the dungeon, and saw 3 of its levels.

You collected 217 gold pieces.

Inventory:

Hand Weapons
 a - a +2 dagger (weapon)
Missiles
 b - 20 poisoned darts
 c - 3 curare-tipped darts
Armour
 g - a +0 kite shield (worn)
Jewellery
 e - a +4 ring of evasion (left tentacle)
 n - a +6 ring of dexterity (right tentacle)
 o - a ring of protection from fire (on tentacle)
Wands
 u - a wand of flame (12) (quivered)
Scrolls
 d - a scroll of immolation {unknown}
 i - 2 scrolls of fear {unknown}
 j - a scroll of enchant weapon {unknown}
 k - a scroll of brand weapon {unknown}
 m - 3 scrolls of identify {unknown}
 s - a scroll of enchant armour {unknown}
 t - a scroll of magic mapping {unknown}
Potions
 f - a potion of attraction {unknown}
 h - a potion of heal wounds {unknown}
 l - a potion of might {unknown}
 p - a potion of brilliance {unknown}
 q - a potion of cancellation {unknown}
 r - a potion of curing {unknown}
 v - a potion of invisibility {unknown}


   Skills:
 * Level 2.7 Fighting
 * Level 2.7 Short Blades
 + Level 2.2 Throwing
 * Level 1.8 Dodging
 * Level 5.7 Stealth
 * Level 1.2 Shields
 + Level 0.6 Spellcasting


You had 4 spell levels left.
You didn't know any spells.
Your spell library was empty.

Dungeon Overview and Level Annotations

Branches:
Dungeon (3/15)

Altars:


Innate Abilities, Weirdness & Mutations

You cannot wear most types of armour.
You are amphibious.
You can wear up to eight rings at the same time.
Your skin changes colour to match your surroundings (Stealth+).
Your rubbery body absorbs attacks. (AC +1, EV +1)
((You are camouflaged when in or above water. (Stealth+)))
You have tentacles for arms and can constrict up to eight enemies at once.


Message History

The orc hits you with a +0 whip. You block the orc's attack.
The orc barely misses you.
The orc hits you from afar with a +0 trident.
You are too injured to fight recklessly!
You are too injured to fight recklessly!
You are too injured to fight recklessly!
Aiming: Throw Flame
Press: ? - help, Shift-Dir - straight line, f - orc
Aim: an orc, wielding a +0 trident and wearing a +0 ring mail (72% to hit)
Okay, then.
Aiming: Throw Flame
Press: ? - help, Shift-Dir - straight line, f - orc
Aim: an orc, wielding a +0 trident and wearing a +0 ring mail (72% to hit)
Okay, then.
Aiming: Throw Flame
Press: ? - help, Q - select action, (/) - cycle Shift-Dir - straight line, f - orc
Aim: an orc, wielding a +0 trident and wearing a +0 ring mail (72% to hit)
The puff of flame hits the orc wizard.
The orc wizard is moderately wounded.
You feel sick. The adder completely misses you.
The orc wizard barely misses you. You block the orc's attack.
The orc closely misses you. The orc completely misses you. x2
The adder misses you.
Aiming: Throw Flame
Press: ? - help, Q - select action, (/) - cycle Shift-Dir - straight line, f/p - orc
Aim: an orc, wielding a +0 trident and wearing a +0 ring mail (72% to hit)
The puff of flame misses the orc wizard.
The puff of flame misses the orc.
You feel sick. The adder closely misses you. The orc wizard closely misses you.
You block the orc's attack. The orc misses you. The orc closely misses you. x2
Aiming: Throw Flame
Press: ? - help, Q - select action, (/) - cycle Shift-Dir - straight line, f/p - orc
Aim: an orc, wielding a +0 trident and wearing a +0 ring mail (72% to hit)
The puff of flame hits the orc wizard.
The orc wizard is heavily wounded.
You feel sick. The adder bites you.
* * * LOW HITPOINT WARNING * * *
The orc wizard casts a spell at you. The magic dart hits you.
You die...

#. ###. ############
###... #..........#
##...##
#..........#####).##..
#..........##.....##.†
#..o........).###'####
#....o.....#### #.#...
#[..)@o....# #)#.#.
#....Soo...# #.#.#.
#..........# #.#.#.
######.##### #÷..#.
#.# #####. #.# #...#)
#.# #.#.#) .. #.#.#.
#.#.#.


You could see an orc wizard, an adder and 4 orcs.

Vanquished Creatures
  3 adders
  2 worms
  2 dart slugs
  3 orcs (D:3)
  5 bats (D:1)
  3 endoplasms
  3 giant cockroaches
  4 goblins
  3 hobgoblins
  7 jackals
  4 quokkas
  2 ball pythons
  4 kobolds
  3 rats
48 creatures vanquished.

Notes
Turn   | Place    | Note
-------+----------+-------------------------------------------
     0 | D:1      | Ragain the Octopode Brigand began the quest for the Orb.
     0 | D:1      | Reached XP level 1. HP: 14/14 MP: 1/1
   196 | D:1      | Reached XP level 2. HP: 19/19 MP: 2/2
   240 | D:1      | Found a faded altar of an unknown god.
   723 | D:2      | Reached XP level 3. HP: 25/25 MP: 3/3
  1311 | D:3      | Reached XP level 4. HP: 28/30 MP: 4/4
  1383 | D:3      | Reached skill level 1 in Shields
  1609 | D:3      | Killed from afar by an orc wizard

Illustrated notes

Levels and vault maps discovered:
D:1:      tarquinn_simple_flora_water_c, layout_loops_ring,
          ebering_ecumenical_altar_petrified, minmay_misc_feat_nine_boxes,
          nicolae_wormholes
D:2:      layout_basic
D:3:      layout_rooms, roderic_serpentine_path

Skill      XL: |  1  2  3  4 |
---------------+-------------+-----
Shields        | 1 |  1.2
Fighting       | |  2.7
Short Blades   | |  2.7
Throwing       | |  2.2
Dodging        | |  1.8
Stealth        | |  5.7
Spellcasting   | |  0.6

Action                   |  1- 3 |  4- 6 || total
-------------------------+-------+-------++-------
Melee: Dagger            |    62 |    24 ||    86
       Constrict         |    14 |     6 ||    20
       Tentacles         |     8 |     4 ||    12
Evoke: Wand              |       |     3 ||     3
 Stab: Sleeping          |    16 |     3 ||    19
Armor: Skin              |     2 |     1 ||     3
Dodge: Dodged            |    27 |    22 ||    49
Block: Kite shield       |     8 |    15 ||    23

Table legend: (Time is in decaauts)
 A = Elapsed time spent in this place.
 B = Non-inter-level travel time spent in this place.
 C = Inter-level travel time spent in this place.
 D = Time resting spent in this place.
 E = Time spent auto-exploring this place.
 F = Levels seen in this place.
 G = Mean time per level.
                   A        B        C        D        E       F      G
               +--------+--------+--------+--------+--------+-----+--------+
         Total |   1612 |   1572 |     40 |      0 |   1238 |   3 |  537.3 |
       Dungeon |   1612 |   1572 |     40 |      0 |   1238 |   3 |  537.3 |
               +--------+--------+--------+--------+--------+-----+--------+

Top non-repeatable levels by time:
     D:1: 632 daAuts
     D:2: 570 daAuts
     D:3: 409 daAuts
